 Dungeon Crawl Stone Soup version 0.31-a0-237-g2d982f9f85 (webtiles) character file.

Game seed: 5813471153730179243

44 shakesphere1979 the Purveyor of Pain (level 3, 0/26 HPs)
             Began as a Hill Orc Necromancer on July 12, 2023.
             Was an Initiate of Kikubaaqudgha.
             Succumbed to an adder's poison
             ... on level 3 of the Dungeon.
             The game lasted 00:09:37 (1947 turns).

shakesphere1979 the Purveyor of Pain (HONe)         Turns: 1947, Time: 00:09:37

Health: 0/26       AC:  2    Str: 10    XL:     3   Next: 60%
Magic:  1/6        EV: 12    Int: 17    God:    Kikubaaqudgha [......]
Gold:   79         SH:  0    Dex: 11    Spells: 5/6 levels left

rFire   . . .        d - +4 dagger
rCold   . . .        (no shield)
rNeg    . . .        a - +0 robe
rPois   .            (no helmet)
rElec   .            (no cloak)
rCorr   .            (no gloves)
SInv    .            (no boots)
Will    .....        (no amulet)
Stlth   ++           (no ring)
HPRegen 0.24/turn    (no ring)
MPRegen 0.10/turn

%: no passive effects
@: lethally poisoned (0 -> -8)
A: no striking features
a: Renounce Religion


You were on level 3 of the Dungeon.
You worshipped Kikubaaqudgha.
Kikubaaqudgha was noncommittal.
You visited 1 branch of the dungeon, and saw 3 of its levels.

You collected 79 gold pieces.

Inventory:

Hand Weapons
 c - a +0 club
 d - a +4 dagger (weapon)
Missiles
 e - 41 stones
Armour
 a - a +0 robe (worn)
 l - an orb of wrath
Jewellery
 g - a ring of magical power
Scrolls
 f - 3 scrolls of identify
 j - a scroll of fear {unknown}
 k - a scroll of immolation {unknown}
Potions
 b - a potion of magic
 h - a potion of curing {unknown}
 i - 2 potions of brilliance


   Skills:
 - Level 1.5 Dodging
 + Level 2.3 Stealth
 + Level 2.1 Spellcasting
 + Level 4.4 Necromancy


You had 5 spell levels left.
You knew the following spells:

 Your Spells              Type           Power      Damage    Failure   Level
a - Necrotise             Necr           64%        1d7       3%          1

Your spell library contained the following spells:

 Spells                   Type           Power      Damage    Failure   Level
 Vampiric Draining        Necr           16%        2d7       10%         3
 Animate Dead             Necr           16%        N/A       30%         4
 Agony                    Necr           16%        N/A       65%         5


Dungeon Overview and Level Annotations

Branches:
Dungeon (3/15)

Altars:
Cheibriados
Hepliaklqana
Kikubaaqudgha
Trog
Vehumet
Zin


Message History

Press: ? - help, Shift-Dir - straight line, f/p - adder
Aim: an adder (heavily wounded, chance to affect: 80%)
The adder writhes in agony.
You feel very sick. The adder barely misses you. The adder bites you.
You are more poisoned.
The adder poisons you!
Casting: Necrotise (safe; 3% risk of failure)
Confirm with . or Enter, or press ? or * to list all spells.
Aiming: Necrotise (safe; 3% risk of failure)
Press: ? - help, Shift-Dir - straight line, f/p - adder
Aim: an adder (heavily wounded, chance to affect: 80%)
The adder barely resists.
You feel very sick. The adder misses you.
Casting: Necrotise (safe; 3% risk of failure)
Confirm with . or Enter, or press ? or * to list all spells.
Aiming: Necrotise (safe; 3% risk of failure)
Press: ? - help, Shift-Dir - straight line, f/p - adder
Aim: an adder (heavily wounded, chance to affect: 80%)
The adder barely resists.
You feel sick. The adder barely misses you.
You completely miss the adder.
The adder is heavily wounded.
You feel sick. The adder bites you. x2
You are too injured to fight recklessly!
You are too injured to fight recklessly!
You closely miss the adder.
The adder is heavily wounded.
You feel sick. The adder bites you.
* * * LOW HITPOINT WARNING * * *
You are more poisoned.
The adder poisons you!
You hit the adder.
The adder is almost dead.
* * * LOW HITPOINT WARNING * * *
You feel sick. The adder closely misses you.
You closely miss the adder.
The adder is almost dead.
You die...
Kikubaaqudgha rasps: "You have failed me!
Welcome... death!"

#########
#.......#
#.......#
#.......#
#.......#
###.......#.#
#.....S...>..
#.#..@)...#
#.........#
###.#######
#.# #.# #.#
#.# #.# #.#


You could see an adder.

Vanquished Creatures
  2 ball pythons
  3 endoplasms
  A giant cockroach (D:2)
  6 goblins
  5 hobgoblins
  7 jackals
  A kobold (D:2)
  A quokka (D:2)
  4 bats
  2 frilled lizards (D:2)
  4 rats
36 creatures vanquished.

Vanquished Creatures (collateral kills)
  A rat (D:1)
1 creature vanquished.

Grand Total: 37 creatures vanquished

Notes
Turn   | Place    | Note
-------+----------+-------------------------------------------
     0 | D:1      | shakesphere1979 the Hill Orc Necromancer began the quest
                  | for the Orb.
     0 | D:1      | Reached XP level 1. HP: 14/14 MP: 3/3
   248 | D:1      | Reached XP level 2. HP: 20/20 MP: 1/4
   902 | D:2      | Reached XP level 3. HP: 20/26 MP: 1/5
  1720 | D:3      | Found a hazy altar of Hepliaklqana.
  1722 | D:3      | Found a glowing silver altar of Zin.
  1730 | D:3      | Found a snail-covered altar of Cheibriados.
  1734 | D:3      | Found a bloodstained altar of Trog.
  1737 | D:3      | Found a radiant altar of Vehumet.
  1744 | D:3      | Found an ancient bone altar of Kikubaaqudgha.
  1806 | D:3      | Became a worshipper of Kikubaaqudgha
  1947 | D:3      | Succumbed to an adder's poison

Illustrated notes

Levels and vault maps discovered:
D:1:      roderic_chinese_lattice_arrival, layout_loops_ring,
          minmay_misc_feat_tiny, serial_bayou_crossing
D:2:      layout_basic
D:3:      layout_basic, nicolae_overflow_hallway_of_the_gods, minmay_box_of_dots

Skill      XL: |  1  2  3 |
---------------+----------+-----
Stealth        | 2 |  2.3
Spellcasting   | 2 |  2.1
Dodging        | |  1.5
Necromancy     | |  4.4

Action                     || total
---------------------------++-------
  Melee: Club              ||     2
         Dagger            ||    67
   Cast: Necrotise         ||    33
    Use: Scroll            ||     1
   Stab: Sleeping          ||     5
 Armour: Robe              ||    13
  Dodge: Dodged            ||    49

Table legend: (Time is in decaauts)
 A = Elapsed time spent in this place.
 B = Non-inter-level travel time spent in this place.
 C = Inter-level travel time spent in this place.
 D = Time resting spent in this place.
 E = Time spent auto-exploring this place.
 F = Levels seen in this place.
 G = Mean time per level.
                   A        B        C        D        E       F      G
               +--------+--------+--------+--------+--------+-----+--------+
         Total |   1959 |   1890 |     69 |      0 |   1427 |   3 |  653.0 |
       Dungeon |   1959 |   1890 |     69 |      0 |   1427 |   3 |  653.0 |
               +--------+--------+--------+--------+--------+-----+--------+

Top non-repeatable levels by time:
     D:1: 906 daAuts
     D:2: 775 daAuts
     D:3: 278 daAuts
